 Dungeon Crawl Stone Soup version 0.21-a0-401-g0b6bec4 (webtiles) character file.

887 tof the Archer (level 7, -3/59 HPs)
             Began as a Centaur Hunter on Oct 24, 2017.
             Was an Initiate of Okawaru.
             Splashed by a jelly's acid (5 damage)
             ... on level 5 of the Dungeon.
             The game lasted 00:10:37 (5736 turns).

tof the Archer (Centaur Hunter)                     Turns: 5736, Time: 00:10:37

Health: -3/59      AC:  3    Str: 14    XL:     7   Next: 77%
Magic:  7/7        EV:  9    Int: 10    God:    Okawaru [......]
Gold:   187        SH:  0    Dex: 12    Spells: 6/6 levels left

rFire    . . .     SeeInvis .   b - +4 hand axe
rCold    . . .     Gourm    .   (no shield)
rNeg     . . .     Faith    .   A - +0 ring mail
rPois    .         Spirit   .   (no helmet)
rElec    .         Reflect  .   (no cloak)
rCorr    .         Harm     .   (no gloves)
MR       .....                  (no barding)
Stlth    ..........             r - amulet of magic regeneration
HPRegen  0.19/turn              e - +1 ring of protection
MPRegen  0.35/turn              (no ring)

@: corroded, very quick
A: hooves 3, deformed body, speed 2, shaggy fur 1, tough skin 3
a: Renounce Religion


You were on level 5 of the Dungeon.
You worshipped Okawaru.
Okawaru was noncommittal.
You were not hungry.

You visited 2 branches of the dungeon, and saw 6 of its levels.

You collected 187 gold pieces.

Inventory:

Hand Weapons
 a - a +1 shortbow
 b - a +4 hand axe (weapon)
Missiles
 d - 65 arrows
 s - 34 poisoned needles
 y - 7 needles of sleeping
Armour
 A - a +0 ring mail (worn)
Jewellery
 e - a +1 ring of protection (left hand)
 r - an amulet of magic regeneration (around neck)
Wands
 w - a wand of polymorph (5/24)
Scrolls
 h - a scroll of amnesia {unknown}
 i - 5 scrolls of identify {unknown}
 j - 2 scrolls of remove curse {unknown}
 l - a scroll of recharging {unknown}
 m - 4 scrolls of magic mapping {unknown}
 t - 2 scrolls of teleportation {unknown}
 u - a scroll of fog {unknown}
 v - 3 scrolls of immolation {unknown}
Potions
 g - 3 potions of curing {unknown}
 n - a potion of haste {unknown}
 o - a potion of agility {unknown}
 p - a potion of flight {unknown}
 q - a potion of berserk rage {unknown}
 x - a potion of brilliance {unknown}
 z - a potion of ambrosia {unknown}
Comestibles
 f - 3 bread rations
 k - 11 fruits
 B - a royal jelly


   Skills:
 + Level 4.2 Fighting
 + Level 3.0 Axes
 * Level 9.1 Bows
 + Level 1.2 Armour
 + Level 3.1 Dodging
 - Level 0.4 Stealth


You had 6 spell levels left.
You didn't know any spells.

Dungeon Overview and Level Annotations

Branches:
Dungeon (5/15)             Temple (1/1) D:4

Altars:
Ashenzari
Cheibriados
Dithmenos
Elyvilon
Fedhas
Gozag
Hepliaklqana
Kikubaaqudgha
Makhleb
Nemelex Xobeh
Okawaru
Qazlal
Ru
Trog
Uskayaw
Wu Jian
Yredelemnul

Annotations:
D:5 Edmund


Innate Abilities, Weirdness & Mutations

You have hooves in place of feet.
Armour fits poorly on your strangely shaped body.
You cover ground very quickly.
You have extremely tough skin. (AC +3)
You are covered in fur. (AC +1)


Message History

You hit the jelly. The acid corrodes you!
Your hands burn!
The jelly barely misses you.
Edmund hits you with a flail of holy wrath.
You hit Edmund but do no damage. You kick Edmund.
Edmund is moderately wounded.
You hit the jelly.
Your hands burn!
The jelly hits you. The acid corrodes you!
You are splashed with acid!
The acid burns!
* * * LOW HITPOINT WARNING * * *
Edmund hits you with a flail of holy wrath.
* * * LOW HITPOINT WARNING * * *
You closely miss Edmund. Your kick misses Edmund.
Edmund is moderately wounded.
You barely miss the jelly. The jelly hits you but does no damage.
Edmund hits you with a flail of holy wrath!
* * * LOW HITPOINT WARNING * * *
The jelly barely misses you.
You barely miss Edmund. You kick Edmund.
Edmund is moderately wounded.
You hit the jelly.
Your hands burn!
You die...

... ...
..# #.#
#.# #.##
###.J###
#..<@@.#
#......#
#..(...#
#..(...#
#......#
#.(.....
#####....
#.....


You could see Edmund and a jelly.

Vanquished Creatures
  Sigmund (D:3)
  2 phantoms
  A sky beast (D:4)
  A scorpion (D:4)
  A hound (D:4)
  An orc wizard (D:4)
  Natasha (thrice) (D:2)
  4 worker ants (D:4)
  7 adders
  2 oozes
  3 worms
  A dart slug (D:2)
  3 leopard geckos
  7 orcs
  2 ball pythons
  4 giant cockroaches
  12 goblins
  8 hobgoblins
  3 jackals (D:4)
  6 quokkas
  11 bats
  6 frilled lizards
  14 kobolds
  A leopard gecko skeleton (D:4)
  10 rats
114 creatures vanquished.

Notes
Turn   | Place    | Note
-------+----------+-------------------------------------------
     0 | D:1      | tof the Centaur Hunter began the quest for the Orb.
     0 | D:1      | Reached XP level 1. HP: 17/17 MP: 1/1
    41 | D:1      | Reached XP level 2. HP: 9/24 MP: 2/2
   682 | D:1      | Reached XP level 3. HP: 29/30 MP: 3/3
   683 | D:1      | Reached skill level 6 in Bows
  1527 | D:2      | Noticed Natasha
  1531 | D:2      | Reached XP level 4. HP: 21/37 MP: 4/4
  1532 | D:2      | Killed Natasha
  1532 | D:2      | Reached skill level 1 in Axes
  1940 | D:2      | Noticed Natasha
  1947 | D:2      | Killed Natasha
  2201 | D:2      | Noticed Natasha
  2205 | D:2      | Killed Natasha
  2205 | D:2      | Reached XP level 5. HP: 30/44 MP: 5/5
  2388 | D:2      | Reached skill level 7 in Bows
  2667 | D:3      | Noticed a phantom
  3025 | D:3      | Killed a phantom
  3025 | D:3      | Reached XP level 6. HP: 39/51 MP: 6/6
  3197 | D:3      | Noticed Sigmund
  3220 | D:3      | Killed Sigmund
  3220 | D:3      | Reached skill level 8 in Bows
  4017 | D:4      | Reached XP level 7. HP: 58/58 MP: 7/7
  4942 | D:4      | Reached skill level 1 in Armour
  5066 | D:4      | Found a staircase to the Ecumenical Temple.
  5083 | Temple   | Entered the Ecumenical Temple
  5248 | Temple   | Became a worshipper of Warmaster Okawaru
  5463 | D:4      | Found an ancient bone altar of Kikubaaqudgha.
  5504 | D:5      | Entered Level 5 of the Dungeon
  5504 | D:5      | Noticed Edmund
  5527 | D:4      | Reached skill level 9 in Bows
  5533 | D:4      | Gained mutation: You are covered in fur. (AC +1) [mutagenic meat]
  5735 | D:5      | HP: 2/59 [Edmund/flail of holy wrath (7)]
  5736 | D:5      | Splashed by a jelly's acid

Vault maps used:
D:1:      dpeg_arrival_tiny_k
D:2:      nicolae_overflow_hidden_temple, first_bread, minmay_tiny_reverse_x,
          uniq_natasha
D:3:      uniq_sigmund
D:4:      kennysheep_six_static_rooms, kennysheep_mini,
          minmay_temple_entry_statues_pillars, serial_bayou_pond_d
D:5:      nicolae_overflow_crystal_walls, uniq_ijyb, uniq_edmund, uniq_pikel,
          uniq_eustachio
Temple:   regret_index_temple_sphere_string

Skill      XL: |  1  2  3  4  5  6  7 |
---------------+----------------------+-----
Bows           | 6 7 8 9 |  9.1
Axes           | 1 2 3 |  3.0
Dodging        | 2 3 |  3.1
Fighting       | 3 4 |  4.2
Armour         | 1 |  1.2
Stealth        | |  0.4

Action                   |  1- 3 |  4- 6 |  7- 9 || total
-------------------------+-------+-------+-------++-------
Melee: Kick              |    15 |    30 |    19 ||    64
       Shortbow          |     1 |       |       ||     1
       Hand axe          |    98 |   144 |    84 ||   326
 Fire: Shortbow          |    21 |    16 |    18 ||    55
  Eat: Chunk             |     1 |     8 |     4 ||    13
       Bread ration      |       |       |     1 ||     1
Armor: Leather armour    |    42 |    50 |       ||    92
       Robe              |       |    22 |     6 ||    28
       Ring mail         |       |       |    42 ||    42
Dodge: Dodged            |    43 |    93 |    33 ||   169

Table legend:
 A = Spawn XP
 B = Non-spawn XP
 C = Spawn XP percentage of total XP
 D = Spawn monster count
 E = Non-spawn monster count
 F = Spawn count percentage of total count
 G = Total turns spent on level
                    A         B        C        D         E        F      G
               +---------+---------+-------+---------+---------+-------+---------
         Total |       0 |    1268 |   0.0 |       0 |     114 |   0.0 |  5736
               +---------+---------+-------+---------+---------+-------+---------
           D:1 |       0 |      52 |   0.0 |       0 |      29 |   0.0 |  1062
           D:2 |       0 |     187 |   0.0 |       0 |      27 |   0.0 |  1721
           D:3 |       0 |     433 |   0.0 |       0 |      33 |   0.0 |  1073
           D:4 |       0 |     596 |   0.0 |       0 |      25 |   0.0 |  1669
               +---------+---------+-------+---------+---------+-------+---------
